AoeStats
← MeowMe

Nomad

508849044Analyzed
3v3 RM · 7d ago on Sep 24, 2026· 47m 36s· 6 players
Game mode
Random Map
Map size
210×210
Population
200
Speed
Normal
Resources
Standard
Victory
Conquest
Starting age
Dark Age
Ending age
Imperial Age
RankedLock teamsTeams togetherTeam positionsShared explorationLock speedFull tech treeHidden civsTurbo modeCheats
Victory
Defeat
🇹🇼 Turks · Taiwan
1662
+12
🇹🇼 Danes · Taiwan
1604
+15
🇹🇼 Varangians · Taiwan
1588
+15
🇷🇺 Dravidians · Russia
1651
-17
🇧🇾 Varangians · Belarus
1593
-15
🇬🇪 Japanese · Georgia
1479
-10
MeowMe
3:37 Loom
13:06 Feudal Age
15:35 Town Watch
18:08 Castle Age
18:19 Double-Bit Axe
19:26 Stone Mining
21:28 Bow Saw
22:19 Wheelbarrow
21:31 Horse Collar
23:24 Fletching
24:28 Fishing Lines
30:28 Scale Mail Armor
31:17 Forging
34:28 Bodkin Arrow
34:49 Chain Mail Armor
36:48 Iron Casting
37:37 Gold Mining
39:14 Coinage
43:10 Imperial Age
43:17 Imperial Age
42:51 Gold Shaft Mining
42:24 Treadmill Crane
43:05 Ballistics
42:55 Fortified Wall
43:53 Elite Samurai
45:28 Plate Mail Armor
46:22 Hand Cart
46:07 Town Patrol
SiraZaika
3:24 Loom
13:58 Feudal Age
14:49 Double-Bit Axe
14:51 Town Watch
16:06 Forging
20:48 Horse Collar
25:08 Castle Age
23:09 Fletching
23:55 Fletching
27:30 Bow Saw
27:53 Bodkin Arrow
28:48 Wheelbarrow
29:29 Padded Archer Armor
37:11 Imperial Age
36:05 Gold Mining
36:48 Leather Archer Armor
37:10 Ballistics
37:15 Husbandry
37:39 Hand Cart
37:57 Bracer
38:16 Thumb Ring
39:54 Chemistry
40:56 Elite Elephant Archer
45:11 Ring Archer Armor
45:20 Conscription
45:40 Scale Barding Armor
OLADUSHEK
10:36 Loom
13:17 Feudal Age
13:55 Town Watch
13:57 Loom
14:01 Fishing Lines
16:59 Castle Age
15:22 Double-Bit Axe
16:04 Forging
16:47 Scale Barding Armor
17:13 Town Watch
18:02 Bow Saw
17:48 Gillnets
18:08 Gold Mining
20:09 Wheelbarrow
20:06 Fletching
20:49 Horse Collar
22:54 Heavy Plow
24:28 Vendel Legacy
26:21 Chain Barding Armor
27:22 Iron Casting
26:59 Bloodlines
26:49 Husbandry
33:59 Imperial Age
32:37 Hand Cart
34:09 Cavalier
35:24 Plate Barding Armor
35:12 Conscription
36:48 Two-Man Saw
36:19 Crop Rotation
36:51 Blast Furnace
36:34 Stone Mining
37:34 Town Patrol
38:08 Coinage
42:52 Bodkin Arrow
我最爛別快攻我
10:18 Loom
14:09 Feudal Age
18:42 Castle Age
17:08 Stone Mining
17:08 Double-Bit Axe
19:50 Bow Saw
24:41 Horse Collar
28:35 Town Watch
29:45 Padded Archer Armor
31:48 Wheelbarrow
33:35 Fletching
39:48 Imperial Age
37:30 Heavy Plow
40:35 Scale Barding Armor
40:40 Forging
39:53 Elite Janissary
40:53 Leather Archer Armor
40:52 Heavy Camel Rider
41:33 Husbandry
41:43 Bloodlines
44:02 Chain Barding Armor
44:18 Iron Casting
45:39 Plate Barding Armor
46:13 Iron Casting
TW_Kenneth
13:03 Feudal Age
13:04 Loom
17:37 Castle Age
16:00 Fishing Lines
16:17 Fletching
16:48 Double-Bit Axe
18:13 Bodkin Arrow
20:11 Gillnets
23:07 Ballistics
22:54 Padded Archer Armor
26:36 Husbandry
28:25 Wheelbarrow
27:36 Town Watch
28:48 Bloodlines
30:24 Thumb Ring
31:43 Stone Mining
32:46 Hand Cart
36:03 Imperial Age
34:38 Leather Archer Armor
34:15 Horse Collar
36:47 Bracer
37:51 Chemistry
36:47 Cranequins
36:51 Heavy Mounted Crossbowman
37:39 Cranequins
38:14 Gold Mining
39:35 Onager
41:36 Siege Onager
45:25 Siege Engineers
46:10 Conscription
46:05 Northmen's Fury
46:11 Elite Skirmisher
47:24 Ring Archer Armor
47:40 Bow Saw
P0rr1dg3
8:11 Loom
13:32 Feudal Age
15:30 Double-Bit Axe
18:42 Wheelbarrow
18:22 Town Watch
23:45 Castle Age
22:18 Stone Mining
22:11 Horse Collar
24:36 Bow Saw
25:26 Medium Warships
24:57 Fishing Lines
25:30 Heavy Plow
29:08 Scale Barding Armor
30:27 Husbandry
31:34 Forging
33:32 Chain Barding Armor
36:18 Hand Cart
36:02 Gold Mining
37:44 Iron Casting
40:43 Imperial Age
39:24 Bloodlines
39:54 Vendel Legacy
42:13 Plate Barding Armor
41:27 Elite Jarl
45:10 Capped Ram
46:05 Capped Ram
47:33 Conscription
48:08 Herbal Medicine
Connection lost

Rejoining the realm…

Still unreachable

The connection could not be restored.

Session expired

The server has moved on; the page needs a fresh start.